[Event "Titled Tuesday Blitz May 31 Early 2022"]
[White "Terry, Renato"]
[Black "Bodnaruk, Anastasia"]
[WhiteFideId "3803457"]
[BlackFideId "4181751"]
[WhiteElo "2577"]
[BlackElo "2332"]
[Result "1-0"]
[Round "05"]
[TimeControl "180+1"]
[Date "2022.06.01"]
[WhiteClock "0:00:15"]
[BlackClock "0:00:03"]

1. d4 Nf6 2. Bg5 d5 3. Bxf6 exf6 4. e3 c6 5. c4 dxc4 6. Bxc4 Bd6 7. Nc3 O-O 8. Qc2 f5 9. Nf3 Nd7 10. O-O Nf6 11. a3 Qe7 12. g3 Ne4 13. Nd2 Ng5 14. Rfe1 Qf6 15. Bf1 Qh6 16. h4 Ne6 17. Nc4 Bc7 18. d5 Nc5 19. b4 Nd7 20. dxc6 Qxc6 21. Rad1 b5 22. Bg2 Qxc4 23. Bxa8 Nb6 24. Bg2 Be5 25. Rc1 Be6 26. Bf1 Qg4 27. Nxb5 Rc8 28. Qd1 h5 29. Rxc8+ Bxc8 30. Qxg4 hxg4 31. Nxa7 Be6 32. Nc6 Bb2 33. Nd4 Bxa3 34. Nxe6 fxe6 35. Rb1 Kf7 36. Bg2 Ke7 37. Kf1 Kd6 38. Ke2 e5 39. Kd3 e4+ 40. Kc3 1-0


[Site "https://www.chess.com"]

[Event "Titled Tuesday Blitz May 31 Early 2022"]
[White "Toncheva, Nadya"]
[Black "Yang, Kaiqi"]
[WhiteFideId "2924056"]
[BlackFideId "8604398"]
[WhiteElo "1888"]
[BlackElo "2373"]
[Result "1/2-1/2"]
[Round "05"]
[TimeControl "180+1"]
[Date "2022.06.01"]
[WhiteClock "0:00:03"]
[BlackClock "0:00:09"]

1. e4 e6 2. d4 d5 3. Nd2 Nc6 4. Ngf3 Nf6 5. e5 Nd7 6. c3 f6 7. exf6 Qxf6 8. Bd3 Bd6 9. O-O O-O 10. Re1 e5 11. dxe5 Ndxe5 12. Be2 Bg4 13. h3 Bd7 14. Nb3 Rae8 15. Be3 Qg6 16. Kh1 Ne7 17. Nxe5 Bxe5 18. Bh5 Qf6 19. Bxe8 Bxe8 20. Bd4 Bxd4 21. Qxd4 Qxd4 22. Nxd4 Ng6 23. Ne6 Rxf2 24. Nxc7 Bc6 25. Ne6 d4 26. Nxd4 Bxg2+ 27. Kg1 Rxb2 28. Re2 Rxe2 29. Nxe2 Bxh3 30. Rd1 Kf7 31. Kf2 h5 32. Rd8 Bg4 33. Nd4 Nf4 34. Kg3 g5 35. c4 a6 36. Nf3 Ne2+ 37. Kf2 Nc3 38. Nxg5+ Ke7 39. Rb8 Nxa2 40. Rxb7+ Kd6 41. Rb6+ Kc5 42. Rxa6 Nb4 43. Rh6 Kxc4 44. Ke3 Nd5+ 45. Ke4 Nc3+ 46. Ke5 Kd3 47. Rd6+ Ke3 48. Rc6 Ne2 49. Ra6 Kf2 50. Ra3 Kg2 51. Ne4 h4 52. Ng5 Ng3 53. Kf4 Be2 54. Ne4 Nxe4 55. Kxe4 h3 56. Rxh3 Kxh3 1/2-1/2


[Site "https://www.chess.com"]

[Event "Titled Tuesday Blitz May 31 Early 2022"]
[White "Vajda, Levente"]
[Black "Secer, Ata"]
[WhiteFideId "1203975"]
[BlackFideId "6303293"]
[WhiteElo "2573"]
[BlackElo "2282"]
[Result "1/2-1/2"]
[Round "05"]
[TimeControl "180+1"]
[Date "2022.06.01"]
[WhiteClock "0:00:12"]
[BlackClock "0:00:12"]

1. e4 c5 2. c3 Nf6 3. e5 Nd5 4. d4 cxd4 5. Nf3 e6 6. cxd4 d6 7. Bc4 Be7 8. O-O O-O 9. Qe2 b6 10. Nc3 Nxc3 11. bxc3 Bb7 12. exd6 Bxd6 13. Bd3 Nd7 14. h3 Qc7 15. Bd2 Bf4 16. Rfd1 Bxd2 17. Qxd2 Bxf3 18. gxf3 Nf6 19. Rac1 Rfd8 20. c4 Rd7 21. Qe3 Rad8 22. Be4 e5 23. d5 g6 24. c5 Nxd5 25. Bxd5 Rxd5 26. Rxd5 Rxd5 27. cxb6 Qxb6 28. Qxb6 axb6 29. Rb1 b5 30. Rb4 Kg7 31. a4 bxa4 32. Rxa4 Rd4 33. Ra7 g5 34. Kg2 Kg6 35. Re7 f6 36. Re8 h5 37. Rg8+ Kf5 38. Rh8 h4 39. Ra8 Kf4 40. Ra6 f5 41. Ra3 Rb4 42. Rc3 Ra4 43. Rb3 Ra2 44. Rb4+ e4 45. fxe4 fxe4 46. Rb3 Re2 47. Kf1 Rd2 48. Kg2 Rc2 49. Ra3 Re2 50. Kf1 Rd2 51. Kg2 Rc2 52. Rb3 Rd2 53. Ra3 Rc2 54. Rb3 Rd2 55. Ra3 1/2-1/2


[Site "https://www.chess.com"]

[Event "Titled Tuesday Blitz May 31 Early 2022"]
[White "Vokhidov, Shamsiddin"]
[Black "Bharath Subramaniyam H"]
[WhiteFideId "14204223"]
[BlackFideId "46634827"]
[WhiteElo "2611"]
[BlackElo "2242"]
[Result "1-0"]
[Round "05"]
[TimeControl "180+1"]
[Date "2022.05.31"]
[WhiteClock "0:00:13"]
[BlackClock "0:00:09"]

1. e4 c5 2. Nf3 e6 3. c3 Nf6 4. e5 Nd5 5. d4 cxd4 6. Bc4 Nb6 7. Bb3 Nc6 8. cxd4 d6 9. O-O dxe5 10. dxe5 Qxd1 11. Rxd1 Be7 12. Nc3 O-O 13. Be3 Nd7 14. Bf4 Nc5 15. Bc2 b6 16. Ne4 Nb4 17. Bb1 Bb7 18. Nd6 Bxf3 19. gxf3 Nd5 20. Bg3 Rfd8 21. Bc2 Bxd6 22. exd6 Nb7 23. Bb3 Nxd6 24. Bxd5 exd5 25. Rxd5 Nb7 26. Rxd8+ Rxd8 27. Rc1 Nc5 28. b4 Ne6 29. Kf1 Kf8 30. Ke2 Ke7 31. Ke3 f6 32. a4 Rd4 33. Rc7+ Rd7 34. Rxd7+ Kxd7 35. Ke4 Kc6 36. b5+ Kb7 37. Bd6 Ng5+ 38. Ke3 a6 39. f4 Ne6 40. f5 Nc7 41. Bxc7 Kxc7 42. bxa6 Kb8 43. Kd4 Ka7 44. Kd5 Kxa6 45. Ke6 Ka5 46. Kf7 Kxa4 47. Kxg7 b5 48. Kxf6 b4 49. Kg7 b3 50. f6 b2 51. f7 b1=Q 52. f8=Q Qg6+ 53. Kh8 h5 54. f4 Qg2 55. Qe8+ Kb4 56. Qxh5 Qa8+ 57. Kh7 Qb7+ 58. Kh6 Qb6+ 59. Qg6 Qf2 60. f5 Qxh2+ 61. Kg7 Qc7+ 62. Qf7 Qg3+ 63. Kf8 Qb8+ 64. Qe8 Qf4 65. Qe7+ Kc4 66. f6 Qb8+ 67. Kf7 Kd5 68. Qe6+ Kd4 69. Kg7 Qg3+ 70. Kf8 Qb8+ 71. Qe8 Qd6+ 72. Qe7 Qb8+ 73. Kg7 Qg3+ 74. Kh8 Qh4+ 75. Kg8 Qg3+ 76. Qg7 Qb8+ 77. Kh7 Qh2+ 78. Qh6 Qc2+ 79. Qg6 Qh2+ 80. Kg7 Qe5 81. Qg4+ Kc5 82. Kg6 Qd6 83. Qc8+ Kd5 84. Qf5+ Kd4 85. Kg7 Qg3+ 86. Kh6 Qh4+ 87. Kg6 Qg3+ 88. Kh5 Qd3 89. Qxd3+ 1-0


[Site "https://www.chess.com"]

[Event "Titled Tuesday Blitz May 31 Early 2022"]
[White "Xiong, Jeffery"]
[Black "Dronavalli, Harika"]
[WhiteFideId "2047640"]
[BlackFideId "5015197"]
[WhiteElo "2727"]
[BlackElo "2382"]
[Result "1-0"]
[Round "05"]
[TimeControl "180+1"]
[Date "2022.05.31"]
[WhiteClock "0:01:11"]
[BlackClock "0:00:14"]

1. Nf3 Nf6 2. c4 c5 3. Nc3 g6 4. d4 cxd4 5. Nxd4 Bg7 6. e4 d6 7. Be2 O-O 8. O-O Nc6 9. Be3 Bd7 10. Nc2 Qa5 11. Rc1 Rfc8 12. Bd2 Qd8 13. Ne3 a6 14. f3 Rab8 15. a4 Ne5 16. b3 h5 17. Qe1 Qb6 18. Rb1 Be6 19. Kh1 Qd8 20. f4 Nc6 21. Qg3 Bd7 22. Ned5 Nxd5 23. exd5 Nd4 24. Bd3 Bf5 25. Bxf5 Nxf5 26. Qd3 Qd7 27. a5 Re8 28. Na4 e5 29. dxe6 fxe6 30. Nb6 Qf7 31. Bc3 Rbd8 32. Bxg7 Kxg7 33. Rbd1 Kh7 34. Rfe1 Re7 35. c5 d5 36. Nc4 Qf6 37. Ne5 Rc7 38. b4 Rf8 39. Nf3 Kg8 40. Rd2 Re7 41. Rde2 Rfe8 42. Re5 Ng7 43. g3 Nf5 44. Kg2 Ng7 45. Rg5 Nf5 46. Ne5 Rg7 47. Nxg6 Rxg6 48. Rxf5 Qb2+ 49. Re2 Qxb4 50. Rxd5 Kf8 51. Qxg6 1-0


[Site "https://www.chess.com"]

[Event "Titled Tuesday Blitz May 31 Early 2022"]
[White "Xu, Yi"]
[Black "Atakhan, Abtin"]
[WhiteFideId "8605564"]
[BlackFideId "22502203"]
[WhiteElo "2471"]
[BlackElo "2094"]
[Result "1-0"]
[Round "05"]
[TimeControl "180+1"]
[Date "2022.05.31"]
[WhiteClock "0:00:33"]
[BlackClock "0:00:51"]

1. e4 c5 2. Nf3 Nc6 3. d4 cxd4 4. Nxd4 g6 5. c4 Nf6 6. Nc3 d6 7. Be2 Nxd4 8. Qxd4 Bg7 9. Bg5 O-O 10. Qd2 a5 11. O-O a4 12. Rad1 Qa5 13. Bxf6 Bxf6 14. Nd5 Qxd2 15. Nxf6+ Kg7 16. Nh5+ gxh5 17. Rxd2 Be6 18. Rc1 Rfc8 19. Rdc2 Rc5 20. f3 h4 21. Kf2 Rac8 22. Bd3 Kf6 23. Ke3 Rg8 24. f4 h3 25. g3 h5 26. b4 axb3 27. axb3 h4 28. b4 Rh5 29. g4 Bxg4 30. c5 Bd7 31. cxd6 exd6 32. Rc7 Bc6 33. Bc4 d5 34. e5+ Ke6 35. Bf1 d4+ 36. Kxd4 Rd8+ 37. Ke3 Bg2 38. Bc4+ Bd5 39. Rd1 f6 40. Rxd5 Rxd5 41. Rc5 fxe5 42. Rxd5 exf4+ 43. Ke4 Rxd5 44. Bxd5+ Kd6 45. Bxb7 1-0


[Site "https://www.chess.com"]

[Event "Titled Tuesday Blitz May 31 Early 2022"]
[White "Abdrlauf, Elham"]
[Black "Bachmann, Axel"]
[WhiteFideId "1533533"]
[BlackFideId "3700488"]
[WhiteElo "2371"]
[BlackElo "2587"]
[Result "1-0"]
[Round "06"]
[TimeControl "180+1"]
[Date "2022.05.31"]
[WhiteClock "0:00:15"]
[BlackClock "0:00:17"]

1. e4 c6 2. d4 d5 3. Nc3 dxe4 4. Nxe4 Nf6 5. Nxf6+ gxf6 6. Nf3 Bg4 7. Be2 e6 8. O-O Bd6 9. Re1 Rg8 10. c4 Bb4 11. Bd2 Qa5 12. Bxb4 Qxb4 13. d5 e5 14. Nxe5 Bxe2 15. Nd3 Qd6 16. Qxe2+ Kf8 17. Qe8+ Kg7 18. Qe7 Qxe7 19. Rxe7 cxd5 20. cxd5 Na6 21. Rxb7 Rgb8 22. Rxb8 Rxb8 23. b3 Rb5 24. Nf4 Rb4 25. g3 Rd4 26. Re1 Nb4 27. Re7 Rd1+ 28. Kg2 Nxa2 29. Rxa7 Nb4 30. Kf3 f5 31. Rb7 Nc2 32. b4 Nd4+ 33. Ke3 Nb3 34. b5 Re1+ 35. Kf3 Rb1 36. b6 Nc5 37. Ne6+ 1-0


[Site "https://www.chess.com"]

[Event "Titled Tuesday Blitz May 31 Early 2022"]
[White "Agasarov, Benik"]
[Black "Miszler, Levente"]
[WhiteFideId "13314823"]
[BlackFideId "763276"]
[WhiteElo "2588"]
[BlackElo "1966"]
[Result "1-0"]
[Round "06"]
[TimeControl "180+1"]
[Date "2022.06.01"]
[WhiteClock "0:00:06"]
[BlackClock "0:00:04"]

1. e4 e6 2. d4 d5 3. Nc3 Nf6 4. Bg5 Be7 5. e5 Nfd7 6. h4 h6 7. Bxe7 Qxe7 8. Nf3 a6 9. Ne2 c5 10. c3 Nc6 11. g3 O-O 12. Bg2 f6 13. Nf4 fxe5 14. Ng6 Qf7 15. Nxf8 Qxf8 16. dxe5 Ndxe5 17. Nxe5 Nxe5 18. O-O Bd7 19. Re1 Nc6 20. Qd2 Qf6 21. Rad1 Rf8 22. Re2 Ne7 23. Rde1 Nf5 24. Bh3 Qg6 25. Bxf5 Rxf5 26. Re5 Rf7 27. h5 Qf6 28. b4 c4 29. Qd4 Qf3 30. R1e2 Bc8 31. Qe3 Qf6 32. f4 Qd8 33. Rd2 Qf8 34. Kh2 Rf5 35. Rf2 Qf7 36. g4 Rf6 37. Kg3 Qf8 38. Qd4 Bd7 39. g5 Rf5 40. gxh6 gxh6 41. Kh2 Kh7 42. Qe3 Qf7 43. Rxf5 Qxf5 44. Qh3 Qf7 45. Qg4 Be8 46. Re2 Bd7 47. Re5 Qf6 48. Kg3 Qf7 49. Qg6+ Qxg6+ 50. hxg6+ Kxg6 51. a4 Kf6 52. a5 Be8 53. Kf3 Bg6 54. Ke3 Bf5 55. Kd4 Ke7 56. Kc5 Kd7 57. Kb6 Kc8 58. Re2 h5 59. Rg2 Bg4 60. Rh2 Bf3 61. Rh3 Bg4 62. Rg3 Kb8 63. Re3 Kc8 64. Re5 Bf5 65. Re1 Bg4 66. Rf1 Kb8 67. Kc5 Kc7 68. Re1 Bf5 69. Rh1 Bg4 70. Rg1 Kd7 71. Kb6 Kc8 72. b5 axb5 73. Kxb5 Kc7 74. Kc5 Kd7 75. Kb6 Kc8 76. Ka7 1-0


[Site "https://www.chess.com"]

[Event "Titled Tuesday Blitz May 31 Early 2022"]
[White "Agibileg, Uurtsaikh"]
[Black "Pranav, V"]
[WhiteFideId "4901606"]
[BlackFideId "25060783"]
[WhiteElo "2205"]
[BlackElo "2349"]
[Result "0-1"]
[Round "06"]
[TimeControl "180+1"]
[Date "2022.05.31"]
[WhiteClock "0:00:11"]
[BlackClock "0:01:24"]

1. d4 Nf6 2. c4 e6 3. Nc3 Bb4 4. f3 c5 5. a3 cxd4 6. axb4 dxc3 7. bxc3 O-O 8. e4 d5 9. cxd5 exd5 10. Bg5 h6 11. Bh4 g5 12. Bf2 Re8 13. Bb5 Nc6 14. Ne2 dxe4 15. Qxd8 Rxd8 16. Bxc6 bxc6 17. Bd4 Rd6 18. fxe4 Nxe4 19. O-O f5 20. Ng3 Nxg3 21. hxg3 Kf7 22. Bxa7 Rd3 23. Bd4 Rxa1 24. Rxa1 Be6 25. Ra7+ Kg6 26. Ra6 Bd5 27. b5 Rd1+ 28. Kf2 f4 29. gxf4 gxf4 30. bxc6 Bc4 31. Kf3 Rf1+ 32. Ke4 Bxa6 33. c7 Kg5 34. Kd5 Kg4 35. Kc6 Kg3 36. Kb6 Bc8 0-1


[Site "https://www.chess.com"]

[Event "Titled Tuesday Blitz May 31 Early 2022"]
[White "Al-Tarboush, Ward"]
[Black "Fier, Alexandr"]
[WhiteFideId "7601450"]
[BlackFideId "2107139"]
[WhiteElo "2294"]
[BlackElo "2571"]
[Result "1-0"]
[Round "06"]
[TimeControl "180+1"]
[Date "2022.06.01"]
[WhiteClock "0:00:09"]
[BlackClock "0:00:57"]

1. e4 c6 2. Nf3 d5 3. Nc3 dxe4 4. Nxe4 Nf6 5. Nxf6+ exf6 6. Bc4 Bd6 7. Qe2+ Be7 8. O-O O-O 9. Re1 Bd6 10. d4 Bg4 11. h3 Bh5 12. g4 Bg6 13. Nh4 Nd7 14. Nxg6 hxg6 15. Be3 Nb6 16. Bb3 Qc7 17. c4 Bf4 18. c5 Nd7 19. Qf3 Bxe3 20. Rxe3 Rfe8 21. Rae1 Rxe3 22. Qxe3 Rf8 23. Qe4 f5 24. gxf5 gxf5 25. Qxf5 Nf6 26. Kg2 Qd8 27. Qf4 g6 28. Qg3 Kg7 29. Rd1 Re8 30. Qf3 Re7 31. d5 cxd5 32. Bxd5 Qc7 33. b4 Re5 34. Bxb7 Rg5+ 35. Kh1 Rf5 36. Qg2 Nh5 37. Be4 Nf4 38. Qg3 Rh5 39. Bg2 Qe5 40. c6 Rg5 41. Qe3 Qf5 42. Be4 Qe5 43. Qd4 Nxh3 44. Qxe5+ Rxe5 45. Kg2 Nf4+ 46. Kf3 Ne6 47. Bd5 Nc7 48. Bc4 Rf5+ 49. Ke4 Rxf2 50. Rd7 Ne8 51. c7 Nf6+ 52. Ke3 Nxd7 53. c8=Q Rc2 54. Qxd7 Rxc4 55. b5 Ra4 56. Qd5 f5 57. Qe5+ Kh6 58. Kf3 Ra3+ 59. Kf4 Ra4+ 60. Kg3 Ra3+ 61. Kg2 Rxa2+ 62. Kf3 Ra3+ 63. Ke2 Kh5 64. Qh8+ Kg4 65. Qb2 Rh3 66. Qd4+ f4 67. Qxa7 Rh2+ 68. Kd3 f3 69. Qd7+ Kg3 70. Qd6+ Kg2 71. Qxg6+ Kh1 72. Qf5 f2 73. Ke2 Kg1 74. Qb1+ Kg2 75. Qf1+ Kg3 76. b6 Rh6 77. Qxf2+ Kh3 78. Qe3+ Kg2 79. Qxh6 1-0


[Site "https://www.chess.com"]

[Event "Titled Tuesday Blitz May 31 Early 2022"]
[White "Ambartsumova, Karina"]
[Black "Vajda, Levente"]
[WhiteFideId "4166299"]
[BlackFideId "1203975"]
[WhiteElo "2262"]
[BlackElo "2573"]
[Result "1-0"]
[Round "06"]
[TimeControl "180+1"]
[Date "2022.06.01"]
[WhiteClock "0:00:07"]
[BlackClock "0:00:03"]

1. d4 Nf6 2. Nf3 d5 3. c4 e6 4. Nc3 Be7 5. Bg5 O-O 6. e3 h6 7. Bh4 b6 8. Qc2 Bb7 9. Rd1 Nbd7 10. Be2 dxc4 11. O-O Nd5 12. Bg3 Nb4 13. Qb1 Ba6 14. Nd2 b5 15. e4 Qc8 16. a3 Nc6 17. Nf3 Na5 18. d5 Nc5 19. Nd4 Rb8 20. Bg4 Rb6 21. dxe6 fxe6 22. Nd5 Bd8 23. Nxb6 axb6 24. Qc2 Nab3 25. Be5 Nxd4 26. Bxd4 Bb7 27. Rfe1 Bf6 28. Bxf6 Rxf6 29. Re3 Qe8 30. Be2 Kh8 31. e5 Rf7 32. Bh5 Bd5 33. Qg6 Kg8 34. Qxf7+ Qxf7 35. Bxf7+ Kxf7 36. Kf1 Ke7 37. f3 Kd7 38. Kf2 Kc6 39. g4 Na4 40. Rd2 Kc5 41. f4 b4 42. axb4+ Kxb4 43. f5 exf5 44. Rxd5 Nc5 45. e6 f4 46. e7 fxe3+ 47. Kxe3 1-0


[Site "https://www.chess.com"]

[Event "Titled Tuesday Blitz May 31 Early 2022"]
[White "Andreikin, Dmitry"]
[Black "Niemann, Hans Moke"]
[WhiteFideId "4158814"]
[BlackFideId "2093596"]
[WhiteElo "2736"]
[BlackElo "2632"]
[Result "1-0"]
[Round "06"]
[TimeControl "180+1"]
[Date "2022.05.31"]
[WhiteClock "0:00:11"]
[BlackClock "0:00:04"]

1. d4 Nf6 2. c4 g6 3. Nc3 Bg7 4. e4 d6 5. h3 Nbd7 6. Be3 e5 7. d5 h5 8. Qd2 Nc5 9. f3 a5 10. O-O-O h4 11. Bd3 Nh5 12. Nge2 Bd7 13. Bc2 a4 14. Kb1 b6 15. Rhe1 O-O 16. Nb5 Bf6 17. Nec3 Nf4 18. Bxf4 exf4 19. Qxf4 Be5 20. Qd2 Qf6 21. Rf1 g5 22. Nxc7 a3 23. Nxa8 Rxa8 24. f4 gxf4 25. Ne2 axb2 26. Rxf4 Qd8 27. Nd4 Ra3 28. Rdf1 f6 29. Rxh4 Qe7 30. Nc6 Bxc6 31. Qh6 f5 32. Rxf5 Rg3 33. dxc6 Rxg2 34. Rg4+ Rxg4 35. hxg4 Ne6 36. c5 Nxc5 37. Qg6+ Bg7 38. Rg5 Ne6 39. Bb3 d5 40. Bxd5 Kh8 41. Qxe6 1-0


[Site "https://www.chess.com"]

[Event "Titled Tuesday Blitz May 31 Early 2022"]
[White "Aradhya, Garg"]
[Black "Bluebaum, Matthias"]
[WhiteFideId "25006746"]
[BlackFideId "24651516"]
[WhiteElo "2169"]
[BlackElo "2556"]
[Result "0-1"]
[Round "06"]
[TimeControl "180+1"]
[Date "2022.05.31"]
[WhiteClock "0:02:06"]
[BlackClock "0:01:30"]

1. d4 Nf6 2. Nf3 d5 3. c4 e6 4. Nc3 Bb4 5. Qa4+ Nc6 6. Bd2 O-O 7. a3 Bxc3 8. Bxc3 Ne4 9. Rc1 Bd7 10. Qc2 Rc8 11. e3 f5 12. Bd3 Be8 13. O-O Bh5 14. b4 Rf6 15. Ne5 Nxe5 16. dxe5 Rh6 17. cxd5 Qh4 18. g3 Qxh2+ 19. Kxh2 Bf3+ 20. Kg1 Rh1# 0-1


[Site "https://www.chess.com"]

[Event "Titled Tuesday Blitz May 31 Early 2022"]
[White "Barp, Alberto"]
[Black "Xu, Yi"]
[WhiteFideId "872555"]
[BlackFideId "8605564"]
[WhiteElo "2229"]
[BlackElo "2471"]
[Result "0-1"]
[Round "06"]
[TimeControl "180+1"]
[Date "2022.05.31"]
[WhiteClock "0:00:04"]
[BlackClock "0:00:13"]

1. d4 Nf6 2. Nf3 d5 3. c4 e6 4. g3 Bb4+ 5. Bd2 Be7 6. Bg2 O-O 7. O-O c6 8. Qc2 Nbd7 9. Rd1 b6 10. b3 Ba6 11. Bc1 Rc8 12. Bb2 h6 13. h3 Qc7 14. Nbd2 c5 15. Rac1 Qb8 16. Qb1 Bb7 17. Ne5 cxd4 18. Nxd7 Nxd7 19. cxd5 e5 20. Qf5 Nf6 21. Nc4 Bd6 22. e4 Rfe8 23. h4 Rcd8 24. Qf3 Bf8 25. Qe2 Bc8 26. f3 Bd7 27. Qf2 Nh5 28. Kh2 Rc8 29. Bf1 f5 30. exf5 Bxf5 31. Bd3 Bxd3 32. Rxd3 Nf6 33. d6 Bxd6 34. Re1 e4 35. Nxd6 exd3 36. Nxe8 Rxe8 37. Bxd4 Rc8 38. Rd1 Rc2 39. Rd2 Qc8 40. Bxf6 gxf6 41. Kg1 Kf7 42. Kf1 Rxd2 43. Qxd2 Qc2 44. Ke1 Qb1+ 45. Kf2 h5 46. Ke3 Qg1+ 47. Kxd3 Qxg3 48. Qb4 Qxf3+ 49. Kc2 Qe2+ 50. Kb1 Qd3+ 51. Kb2 Qd5 52. Qf4 Qe5+ 53. Qxe5 fxe5 54. Kc3 Ke6 55. Kd3 Kf5 0-1


[Site "https://www.chess.com"]

[Event "Titled Tuesday Blitz May 31 Early 2022"]
[White "Bekturov, Tamerlan"]
[Black "Svane, Rasmus"]
[WhiteFideId "13710184"]
[BlackFideId "4657101"]
[WhiteElo "2151"]
[BlackElo "2674"]
[Result "1/2-1/2"]
[Round "06"]
[TimeControl "180+1"]
[Date "2022.06.01"]
[WhiteClock "0:00:06"]
[BlackClock "0:00:04"]

1. d4 Nf6 2. c4 e6 3. Nf3 d5 4. g3 h6 5. Bg2 Bd6 6. O-O O-O 7. Nc3 Nc6 8. cxd5 exd5 9. Nb5 Bf5 10. Nxd6 Qxd6 11. Bf4 Qd7 12. Ne5 Nxe5 13. dxe5 Ne4 14. f3 Nc5 15. b4 Ne6 16. e4 Nxf4 17. gxf4 dxe4 18. fxe4 Qxd1 19. Rfxd1 Bg4 20. Rdc1 c6 21. h3 Bh5 22. Kf2 Rfd8 23. Ke3 Rd7 24. Bf1 Rad8 25. Rc2 Kf8 26. b5 cxb5 27. Bxb5 Re7 28. Rac1 g5 29. Rc8 Rxc8 30. Rxc8+ Kg7 31. Rc5 gxf4+ 32. Kxf4 Bg6 33. Bc4 b6 34. Rc8 Rd7 35. Bd5 Bh5 36. e6 fxe6 37. Bxe6 Re7 38. Bd5 Bf7 39. Kf5 Bg6+ 40. Kf4 Bf7 41. Rb8 Rc7 42. a3 Kf6 43. e5+ Ke7 44. Bxf7 Kxf7 45. Kf5 Kg7 46. Ra8 a5 47. Rb8 Rc6 48. Rb7+ Kf8 49. e6 Rc3 50. a4 Rc4 51. Rxb6 Rxa4 52. Rb8+ Ke7 53. Rb7+ Ke8 54. Kf6 Rf4+ 55. Ke5 Rh4 56. Kf6 Rf4+ 57. Ke5 Rf3 58. Rb8+ Ke7 59. Rb7+ Kd8 60. Kd6 Rd3+ 61. Ke5 Rxh3 62. Ra7 Re3+ 63. Kf5 Ra3 64. Kf6 Rf3+ 65. Ke5 Rg3 66. Kf6 Rf3+ 67. Kg7 h5 68. Rxa5 h4 69. Rh5 h3 70. Kg6 Ke7 71. Kg5 Kxe6 72. Kg4 Re3 73. Rxh3 Rxh3 74. Kxh3 1/2-1/2


[Site "https://www.chess.com"]

[Event "Titled Tuesday Blitz May 31 Early 2022"]
[White "Chen, Qi b"]
[Black "Bharath Subramaniyam H"]
[WhiteFideId "8614733"]
[BlackFideId "46634827"]
[WhiteElo "2432"]
[BlackElo "2242"]
[Result "1-0"]
[Round "06"]
[TimeControl "180+1"]
[Date "2022.05.31"]
[WhiteClock "0:00:13"]
[BlackClock "0:00:02"]

1. d4 Nf6 2. c4 e6 3. Nc3 c5 4. d5 exd5 5. cxd5 d6 6. Nf3 g6 7. e4 Bg7 8. Be2 O-O 9. Nd2 Nbd7 10. O-O a6 11. a4 Re8 12. Re1 Ne5 13. h3 g5 14. Nc4 Nxc4 15. Bxc4 Nd7 16. Qh5 Ne5 17. Be2 h6 18. f4 gxf4 19. Bxf4 Qf6 20. Rf1 Qg6 21. Qh4 Qf6 22. Qxf6 Bxf6 23. Bxh6 Bg7 24. Bxg7 Kxg7 25. g4 Bd7 26. Kg2 Rab8 27. Kg3 b5 28. axb5 axb5 29. Ra6 b4 30. Nd1 c4 31. Rxd6 Rec8 32. Kf4 Ng6+ 33. Ke3 Ba4 34. Rdf6 Rb7 35. Kd4 Bxd1 36. Bxd1 c3 37. bxc3 bxc3 38. Rc6 Rxc6 39. dxc6 Rc7 40. Ba4 Ne7 41. Kc5 c2 42. Kd6 Ra7 43. c7 Nc8+ 44. Kd7 Nb6+ 45. Kc6 1-0


[Site "https://www.chess.com"]

[Event "Titled Tuesday Blitz May 31 Early 2022"]
[White "Cherniaiev, Tykhon"]
[Black "Suleymanli, Suleyman"]
[WhiteFideId "14182360"]
[BlackFideId "13416375"]
[WhiteElo "2289"]
[BlackElo "1598"]
[Result "1-0"]
[Round "06"]
[TimeControl "180+1"]
[Date "2022.06.01"]
[WhiteClock "0:00:01"]
[BlackClock "0:00:08"]

1. Nf3 d5 2. c4 e6 3. d4 Nf6 4. Nc3 Be7 5. cxd5 exd5 6. Bg5 O-O 7. e3 c6 8. Bd3 Ne4 9. Bf4 f5 10. Ne5 Nd7 11. f3 Nxe5 12. Bxe5 Nxc3 13. bxc3 Bh4+ 14. g3 Bf6 15. Bxf6 Qxf6 16. O-O h5 17. c4 Be6 18. Qb3 h4 19. Kf2 h3 20. Qxb7 dxc4 21. Be2 Bd5 22. Rac1 Rab8 23. Qxa7 Rb2 24. Rb1 Rd2 25. Rfd1 f4 26. Rxd2 fxe3+ 27. Kxe3 Bxf3 28. Bxc4+ Kh8 29. Rf2 Qg5+ 30. Kd3 Qg6+ 31. Kc3 Qxb1 32. Qa3 Qe1+ 33. Rd2 Qe3+ 34. Rd3 Qe1+ 35. Rd2 Re8 36. Kc2 Be4+ 37. Bd3 Bd5 38. Qc3 Ra8 39. a3 Rb8 40. Re2 Qb1+ 41. Kd2 Qg1 42. Kc2 Bb3+ 43. Qxb3 Rxb3 44. Re8# 1-0


[Site "https://www.chess.com"]

[Event "Titled Tuesday Blitz May 31 Early 2022"]
[White "Darini, Pouria"]
[Black "Harsha Bharathakoti"]
[WhiteFideId "12502200"]
[BlackFideId "5078776"]
[WhiteElo "2483"]
[BlackElo "2575"]
[Result "0-1"]
[Round "06"]
[TimeControl "180+1"]
[Date "2022.05.31"]
[WhiteClock "0:00:13"]
[BlackClock "0:00:12"]

1. d4 Nf6 2. Bg5 e6 3. Nd2 c5 4. e3 h6 5. Bxf6 Qxf6 6. Ngf3 d5 7. Ne5 Bd6 8. Bb5+ Kf8 9. Ndf3 a6 10. Bd3 Nc6 11. Nxc6 bxc6 12. O-O g6 13. Re1 Kg7 14. e4 Qd8 15. e5 Be7 16. c4 Rb8 17. b3 a5 18. Rc1 Qb6 19. dxc5 Bxc5 20. Qc2 Bb4 21. Red1 Ba3 22. Rb1 Rd8 23. h4 Be7 24. Qc1 Bb7 25. Qf4 c5 26. cxd5 exd5 27. h5 Qe6 28. hxg6 fxg6 29. Qg3 Rf8 30. Re1 g5 31. Rbc1 Rf4 32. Nd2 Rbf8 33. f3 Rh4 34. Nf1 a4 35. Ne3 Rd4 36. Bb1 axb3 37. axb3 Rb4 38. Bc2 c4 39. bxc4 dxc4 40. Kh1 Bc5 41. Ng4 Be7 42. Rb1 Rxb1 43. Rxb1 Bd5 44. Ne3 Bc6 45. Rd1 Rd8 46. Rxd8 Bxd8 47. Nf5+ Kf8 48. Qh3 Bc7 49. Nd4 Qxh3+ 50. gxh3 Bd5 51. e6 Bb6 52. Nf5 Bxe6 53. Nxh6 Bxh3 54. Kh2 Be6 55. Kg3 Ke7 56. Nf5+ Kf6 57. Nh6 Ke5 58. Ng4+ Kd4 59. f4 Bc7 60. Kf3 Bxf4 61. Nf6 Kc3 62. Be4 Kb2 63. Bc6 c3 64. Bd5 Bxd5+ 65. Nxd5 c2 66. Nb4 c1=Q 67. Nd3+ Kc2 68. Nxc1 Kxc1 69. Kg4 Kd2 70. Kf3 Kd3 71. Kf2 Ke4 72. Kg2 g4 73. Kf1 Kf3 74. Kg1 g3 75. Kh1 g2+ 76. Kg1 Be3+ 77. Kh2 g1=Q+ 78. Kh3 Qg3# 0-1


[Site "https://www.chess.com"]

[Event "Titled Tuesday Blitz May 31 Early 2022"]
[White "De La Colina, Nicolas"]
[Black "Petrovskyi, Vadym"]
[WhiteFideId "30946921"]
[BlackFideId "14165210"]
[WhiteElo "2046"]
[BlackElo "2400"]
[Result "0-1"]
[Round "06"]
[TimeControl "180+1"]
[Date "2022.06.01"]
[WhiteClock "0:00:02"]
[BlackClock "0:00:48"]

1. c4 Nf6 2. Nc3 g6 3. e4 d6 4. g3 Bg7 5. Bg2 O-O 6. d3 c5 7. Nge2 Nc6 8. O-O Ne8 9. Be3 Nd4 10. a3 Nc7 11. Rb1 a5 12. b4 axb4 13. axb4 Nce6 14. f4 Ra3 15. Nd5 Nxe2+ 16. Qxe2 Nd4 17. Bxd4 Bxd4+ 18. Kh1 e6 19. Ne3 Bg7 20. Qc2 b6 21. Rfd1 Bd7 22. Qe2 Ba4 23. Rdc1 Re8 24. b5 f5 25. h3 Kh8 26. Re1 Qf6 27. Kh2 Qc3 28. Bf1 fxe4 29. dxe4 Bd4 30. Nd1 Qxg3+ 31. Kh1 Qg1# 0-1


[Site "https://www.chess.com"]

[Event "Titled Tuesday Blitz May 31 Early 2022"]
[White "Djokic, Mihailo"]
[Black "Bethke, Richard"]
[WhiteFideId "976440"]
[BlackFideId "12959243"]
[WhiteElo "2202"]
[BlackElo "2509"]
[Result "1-0"]
[Round "06"]
[TimeControl "180+1"]
[Date "2022.06.01"]
[WhiteClock "0:00:01"]
[BlackClock "0:00:01"]

1. e4 c5 2. Nf3 d6 3. d4 cxd4 4. Nxd4 Nf6 5. Nc3 a6 6. Rg1 e5 7. Nb3 h5 8. h3 h4 9. Be3 Be6 10. Qd2 Be7 11. O-O-O Nbd7 12. f4 Rc8 13. Kb1 b5 14. Bd3 Bc4 15. g3 hxg3 16. Rxg3 Nh5 17. Rg2 Bxd3 18. cxd3 exf4 19. Bxf4 Ne5 20. Nd5 Bf6 21. Bg5 Nf3 22. Qf2 Nxg5 23. Qf5 Ne6 24. Rf1 g6 25. Nxf6+ Nxf6 26. Rxg6 Qc7 27. Rxf6 Rf8 28. Rc1 Qd7 29. Rxc8+ Qxc8 30. Nd4 Ke7 31. Nf3 Qe8 32. Rh6 Rg8 33. Qf6+ Kd7 34. Rh7 Rf8 35. h4 Nd8 36. Qf5+ Kc7 37. Nd4 Rg8 38. a3 Rg1+ 39. Ka2 1-0


[Site "https://www.chess.com"]